 Dungeon Crawl Stone Soup version 0.26.1-11-gd32895ea62 (webtiles) character file.

Game seed: 5563865009373312365

120230 nothank2 the Bludgeoner (level 16, -7/104 (106) HPs)
             Began as a Gargoyle Fighter on June 14, 2021.
             Was a High Priest of Okawaru.
             Killed from afar by a lich (35 damage)
             ... with a bolt of cold
             ... on level 15 of the Dungeon.
             The game lasted 01:31:07 (22570 turns).

nothank2 the Bludgeoner (Gargoyle Fighter)         Turns: 22570, Time: 01:31:08

HP:   -7/104 (106)  AC: 48    Str: 33    XL:     16   Next: 81%
MP:   19/19         EV: 16    Int: 15    God:    Okawaru [*****.]
Gold: 2737          SH: 21    Dex: 12    Spells: 15/15 levels left

rFire    . . .     SeeInvis .   P - +6 eveningstar (flame)
rCold    + . .     Faith    .   c - +1 kite shield
rNeg     + . .     Spirit   .   S - +7 chain mail {rC+}
rPois    ∞         Reflect  +   C - +2 helmet of the Barracuda {+Blink Slay+2}
rElec    +         Harm     .   l - +2 cloak {Will+}
rCorr    .         Rampage  .   V - +2 pair of gloves {Dex+3}
Will     +++..                  I - +1 pair of boots of Sophism {Str+4}
Stlth    ..........             L - amulet of reflection
HPRegen  0.27/turn              p - +4 ring of evasion
MPRegen  0.16/turn              u - ring "Qeeq" {Will+ AC+4 Str+4 Int+4}

@: slowed, lightly drained, very slow
A: big wings, negative energy resistance 1, electricity resistance, unbreathing,
petrification resistance, miasma immunity, AC +12
a: Fly, Renounce Religion, Evoke Blink, Heroism, Finesse


You were on level 15 of the Dungeon.
You worshipped Okawaru.
Okawaru was extremely pleased with you.
You visited 2 branches of the dungeon, and saw 21 of its levels.
You also visited: Ice Cave.

You collected 2737 gold pieces.

Inventory:

Hand Weapons
 s - the +9 demon whip of the Skies Above {antimagic, *Contam +Fly rC+ Dex+4}
   (You took it off an orc knight on level 14 of the Dungeon)

   It reduces the magical energy of the wielder, and disrupts the spells and
   magical abilities of those hit.
   Natural abilities and divine invocations are not affected.
   It affects your dexterity (+4).
   It protects you from cold.
   It lets you fly.
   It causes magical contamination when unequipped.
 z - a +2 war axe of venom
 B - the +7 flail "Biept" {drain, rElec Int+5}
   (You found it on level 11 of the Dungeon)

   A truly terrible weapon, it drains the life of those it strikes.
   It affects your intelligence (+5).
   It insulates you from electricity.
 P - a +6 eveningstar of flaming (weapon)
Armour
 c - a +1 kite shield (worn)
 l - a +2 cloak of willpower (worn)
 A - a +0 plate armour of willpower
 C - the +2 helmet of the Barracuda (worn) {+Blink Slay+2}
   (Okawaru gifted it to you on level 6 of the Lair of Beasts)

   It affects your accuracy and damage with ranged weapons and melee attacks
   (+2).
   It lets you blink.
 D - a +0 tower shield
 I - the +1 pair of boots of Sophism (worn) {Str+4}
   (You found it on level 2 of the Lair of Beasts)

   It affects your strength (+4).
 S - a +7 chain mail of cold resistance (worn)
 V - a +2 pair of gloves of dexterity (worn)
Jewellery
 m - an uncursed ring of protection from fire
 p - a +4 ring of evasion (left hand)
 q - an uncursed ring of protection from cold
 u - the ring "Qeeq" (right hand) {Will+ AC+4 Str+4 Int+4}
   (You acquired it on level 12 of the Dungeon)

   [ring of protection]

   It affects your AC (+4).
   It affects your strength (+4).
   It affects your intelligence (+4).
   It affects your willpower, your defense against some magical effects.
 K - a +4 ring of protection
 L - an amulet of reflection (around neck)
 R - a +4 ring of slaying
Wands
 a - a wand of digging (11)
 v - a wand of disintegration (24)
 y - a wand of polymorph (8)
 J - a wand of iceblast (18)
 N - a wand of acid (32)
 O - a wand of flame (35)
 Z - a wand of paralysis (8)
Scrolls
 i - 11 scrolls of teleportation
 k - a scroll of remove curse
 r - 2 scrolls of identify
 x - a scroll of summoning {unknown}
 F - a scroll of fog {unknown}
 H - 2 scrolls of blinking
 T - a scroll of holy word
 U - 2 scrolls of immolation
 W - a scroll of magic mapping
Potions
 d - 4 potions of might
 e - 2 potions of berserk rage
 f - 3 potions of haste
 g - a potion of mutation {unknown}
 h - 5 potions of lignification
 j - 3 potions of invisibility {unknown}
 n - 3 potions of cancellation
 o - 3 potions of ambrosia {unknown}
 t - 8 potions of curing
 w - 6 potions of heal wounds
 E - 3 potions of degeneration {unknown}
Miscellaneous
 b - a phantom mirror


   Skills:
 + Level 14.2 Fighting
 - Level 7.9(12.7) Axes
 + Level 16.7(17.4) Maces & Flails
 * Level 12.7 Armour
 + Level 5.4 Dodging
 - Level 14.0 Shields
 - Level 4.2 Invocations


You had 15 spell levels left.
You didn't know any spells.
Your spell library contained the following spells:

 Spells                   Type           Power        Failure   Level
 Beastly Appendage        Tmut           0%           67%         1
 Corona                   Hex            0%           67%         1
 Freeze                   Ice            0%           67%         1
 Magic Dart               Conj           0%           67%         1
 Blink                    Tloc           N/A          82%         2
 Call Imp                 Summ           0%           82%         2
 Ensorcelled Hibernation  Hex/Ice        0%           82%         2
 Poisonous Vapours        Pois/Air       0%           82%         2
 Slow                     Hex            0%           82%         2
 Wereblood                Tmut           0%           82%         2
 Confusing Touch          Hex            0%           96%         3
 Conjure Flame            Conj/Fire      0%           96%         3
 Dazzling Flash           Conj/Hex       0%           96%         3
 Frozen Ramparts          Ice            0%           96%         3
 Mephitic Cloud           Conj/Pois/Air  0%           96%         3
 Ozocubu's Armour         Ice            0%           96%         3
 Spider Form              Tmut/Pois      0%           96%         3
 Tukima's Dance           Hex            0%           96%         3
 Hailstorm                Conj/Ice       0%           100%        4
 Ice Form                 Ice/Tmut       0%           100%        4
 Summon Ice Beast         Ice/Summ       0%           100%        4
 Blade Hands              Tmut           0%           100%        5
 Bolt of Magma            Conj/Fire/Erth 0%           100%        5
 Iskenderun's Battlesphe  Conj           0%           100%        5
 Freezing Cloud           Conj/Ice/Air   0%           100%        6
 Iron Shot                Conj/Erth      0%           100%        6
 Orb of Destruction       Conj           0%           100%        7
 Spellforged Servitor     Conj/Summ      0%           100%        7


Dungeon Overview and Level Annotations

Branches:
Dungeon (15/15)            Temple (0/1) D:6            Lair (6/6) D:11
 Shoals (0/4) Lair:2        Snake (0/4) Lair:2        Slime (0/5) Lair:6
    Orc (0/2) D:12         Vaults (0/5) D:14         Depths (0/5) D:15
  IceCv (visited)

Altars:
Ashenzari
Elyvilon
Fedhas
Kikubaaqudgha
Okawaru
Sif Muna
Trog
Vehumet
Wu Jian
Zin
The Shining One
Jiyva

Shops:
D:7 :

Portals:
Trove: D:11 (give +5 demon blade)

Annotations:
D:9 1 runed translucent door, Tiocfaidh's ghost, novice DsNe
D:11 2 transporters, bigdumb's ghost, journeyman GnTm
Lair:1 2 transporters, Ekaitz's ghost, novice DEEE


Innate Abilities, Weirdness & Mutations

You are resistant to torment.
Your stone body is resilient. (AC +12)
You are immune to poison.
Your large and strong wings let you fly indefinitely.
You resist negative energy. (rN+)
You are resistant to electric shocks. (rElec)
You can survive without breathing.
You are immune to petrification.
You are immune to miasma.


Message History

The bolt of cold hits you! You resist.
* * * LOW HITPOINT WARNING * * *
The bolt of cold misses the phantom.
You block the lich's attack. You block the Hell Sentinel's attack.
The Hell Sentinel hits you but does no damage.
The lich points at you and mumbles some strange words.
You feel haunted. You block the phantom's attack.
A lich appears from thin air!
Reactivating autopickup.
Something hits you but does no damage.
Deactivating autopickup; reactivate with Ctrl-A.
You block the phantom's attack.
The lich touches you but does no damage.
You block the lich's attack.
The phantom blinks!
The lich gestures at you while chanting.
The bolt of cold hits the Hell Sentinel.
The Hell Sentinel completely resists.
The bolt of cold hits the lich.
The lich resists.
The bolt of cold hits you!! You resist.
You die...

........######(..⌠_⌠..$#
....###....####.......#
#######.#####.###'''####
................§W.W.[.#
...............{LW.W####
..#...##.....)##1####
....####......##.#
..#####.......##L########
....#...........@.......#
......#.###.####.#......#
.#.................######
.............##.####
........#.≈≈≈....##
#....≈≈≈≈≈≈.......##
#..≈≈≈≈..≈.........#
#.≈≈≈...#..........#
#..≈....#..........###


You could see a Hell Sentinel (summoned), 2 liches, a phantasmal warrior
(summoned) and a freezing wraith (summoned).

Vanquished Creatures
  The ghost of Bananafolds the Warrior, an adept NaVM of Cheibriados (D:15)
  2 liches (D:15)
  Rupert (Lair:3)
  Kirke (D:15)
  Louise (D:15)
  A stone giant (D:14)
  Azrael (D:15)
  Snorg (D:14)
  The ghost of Zeld the Basher, a journeyman DrGl of Qazlal (D:14)
  2 ogre magi
  4 vault guards (D:14)
  2 ice dragons (IceCv)
  7 hydras
  A boulder beetle (D:14)
  7 catoblepae
  An anaconda (shapeshifter) (D:15)
  9 centaur warriors
  19 death yaks
  10 two-headed ogres
  Urug (D:11)
  3 tengu warriors
  An unseen horror (D:14)
  A sea snake (shapeshifter) (D:15)
  A deep troll (D:14)
  A wizard (D:14)
  A deep elf mage (D:12)
  An orc sorcerer (D:15)
  An orc knight (D:14)
  4 manticores
  6 ugly things
  A wolf spider (D:15)
  4 cyclopes (D:14)
  A moth of wrath (D:14)
  18 elephants
  4 slime creatures
  A merfolk siren (Lair:2)
  2 ice statues (IceCv)
  Maggie (D:8)
  A black mamba (shapeshifter) (D:11)
  5 black mambas
  13 cane toads
  3 rime drakes
  A yaktaur (shapeshifter) (D:11)
  A kobold demonologist (D:14)
  13 komodo dragons
  A meliai (D:14)
  7 trolls
  A tengu conjurer (D:15)
  A polar bear (Lair:3)
  3 blink frogs (Lair:6)
  6 dream sheep (Lair:6)
  4 wyverns
  73 yaks
  A vampire (D:14)
  A shadow (D:15)
  2 wraiths
  2 humans (D:10)
  Grum (D:8)
  8 basilisks
  3 fire elementals (D:15)
  2 steam dragons
  3 hogs (D:15)
  Menkaure (D:5)
  3 soldier ants
  An acid dragon (D:15)
  A hell hound (D:15)
  20 water moccasins
  Duvessa (D:7)
  A sky beast (D:13)
  9 orc warriors
  2 eyes of draining
  3 phantoms
  18 ice beasts
  7 ogres
  10 wolves
  8 boggarts (D:15)
  26 centaurs
  16 bullfrogs
  3 big kobolds
  A water moccasin zombie (D:11)
  A wyvern zombie (D:15)
  Dowan (D:7)
  6 scorpions
  22 wights
  4 killer bees (D:8)
  An electric eel (Lair:4)
  3 howler monkeys (D:12)
  6 centaur zombies
  2 bullfrog zombies
  6 hounds
  2 jellies
  A gnoll shaman (D:8)
  6 orc priests
  Crazy Yiuf (D:6)
  2 bullfrog skeletons
  4 centaur skeletons
  4 iguanas
  11 orc wizards
  15 worker ants
  A killer bee zombie (D:9)
  A hound skeleton (D:7)
  10 gnolls
  24 adders
  2 shadow imps
  2 white imps
  2 ufetubi
  An ooze (D:3)
  An adder zombie (D:5)
  3 adder skeletons
  2 worms (D:2)
  2 dart slugs
  2 leopard geckos (D:9)
  57 orcs
  8 bats
  4 giant cockroaches
  6 hobgoblins
  20 kobolds
  6 quokkas
  3 ball pythons
  7 frilled lizards
  13 goblins
  2 leopard gecko skeletons
  A quokka skeleton (D:6)
  9 rats
699 creatures vanquished.

Vanquished Creatures (others)
  14 fungi
  34 plants
  2 withered plants (D:9)
50 creatures vanquished.

Grand Total: 749 creatures vanquished

Notes
Turn   | Place    | Note
-------+----------+-------------------------------------------
     0 | D:1      | nothank2 the Gargoyle Fighter began the quest for the Orb.
     0 | D:1      | Reached XP level 1. HP: 14/14 MP: 1/1
   275 | D:1      | Reached XP level 2. HP: 19/19 MP: 2/2
   690 | D:1      | Reached XP level 3. HP: 19/23 MP: 3/3
  1353 | D:2      | Reached skill level 3 in Maces & Flails
  1358 | D:2      | Reached XP level 4. HP: 26/29 MP: 1/4
  1835 | D:2      | Found a shimmering blue altar of Sif Muna.
  2377 | D:3      | Reached XP level 5. HP: 21/33 MP: 1/5
  2603 | D:3      | Found a blossoming altar of Fedhas.
  2647 | D:3      | Found a faded altar of an unknown god.
  3321 | D:4      | Reached XP level 6. HP: 21/38 MP: 2/6
  3545 | D:4      | Reached skill level 5 in Shields
  3620 | D:4      | Reached skill level 4 in Maces & Flails
  3724 | D:4      | Got a dazzling helmet
  3730 | D:4      | Identified the +1 helmet of the Realm of Zot {Regen+} (You
                  | found it on level 4 of the Dungeon)
  4012 | D:4      | Found a broken altar of Ashenzari.
  4012 | D:4      | Found an ancient bone altar of Kikubaaqudgha.
  4067 | D:4      | Noticed a phantom
  4149 | D:4      | Killed a phantom
  4150 | D:4      | Reached skill level 5 in Armour
  4196 | D:5      | Entered Level 5 of the Dungeon
  4314 | D:5      | Reached XP level 7. HP: 40/44 MP: 2/7
  4704 | D:5      | Noticed Menkaure
  4717 | D:5      | Killed Menkaure
  4836 | D:5      | Reached XP level 8. HP: 38/48 MP: 2/8
  4841 | D:5      | Reached skill level 5 in Fighting
  5298 | D:5      | Found a glowing silver altar of Zin.
  5546 | D:6      | Found a runed translucent door.
  5547 | D:6      | Noticed Crazy Yiuf
  5555 | D:6      | Killed Crazy Yiuf
  5556 | D:6      | Reached skill level 5 in Maces & Flails
  5961 | D:6      | Noticed a two-headed ogre
  6148 | D:7      | Found an iron altar of Okawaru.
  6154 | D:7      | Became a worshipper of Warmaster Okawaru
  6270 | D:7      | Found Uduff's Book Boutique.
  6554 | D:7      | Noticed Duvessa
  6554 | D:7      | Noticed Dowan
  6581 | D:7      | Killed Duvessa
  6582 | D:7      | Killed Dowan
  6583 | D:7      | Reached XP level 9. HP: 55/55 MP: 3/9
  6862 | D:8      | Noticed Grum
  6916 | D:8      | Reached * piety under Okawaru
  6917 | D:8      | Reached skill level 6 in Maces & Flails
  6999 | D:8      | Killed Grum
  7344 | D:8      | Noticed Maggie
  7380 | D:8      | Killed Maggie
  7380 | D:8      | Reached ** piety under Okawaru
  7597 | D:8      | Reached skill level 1 in Axes
  7615 | D:8      | Reached XP level 10. HP: 63/63 MP: 10/10
  8119 | D:9      | Reached skill level 1 in Invocations
  8435 | D:9      | Noticed a two-headed ogre
  8544 | D:9      | Killed a two-headed ogre
  8544 | D:9      | Reached *** piety under Okawaru
  8655 | D:9      | Found a runed translucent door.
  8659 | D:9      | Noticed Tiocfaidh's ghost (novice DsNe)
  9145 | D:9      | Reached skill level 5 in Axes
  9211 | D:9      | Found a radiant altar of Vehumet.
  9224 | D:9      | Found an ornate altar of the Wu Jian Council.
  9351 | D:10     | Entered Level 10 of the Dungeon
  9483 | D:10     | HP: 3/63 [troll (6)]
  9655 | D:10     | Found an iron altar of Okawaru.
  9779 | D:10     | Found a glowing golden altar of the Shining One.
 10077 | D:11     | Reached **** piety under Okawaru
 10120 | D:11     | Noticed a boulder beetle
 10403 | D:6      | Killed a two-headed ogre
 10404 | D:6      | Reached XP level 11. HP: 66/68 MP: 12/14
 10567 | D:6      | Found a staircase to the Ecumenical Temple.
 11164 | D:11     | Found a white marble altar of Elyvilon.
 11220 | D:11     | Found a portal to a secret trove of treasure.
 11289 | D:11     | Got a brightly glowing flail
 11290 | D:11     | Identified the +7 flail "Biept" {drain, rElec Int+5} (You
                  | found it on level 11 of the Dungeon)
 11305 | D:11     | Noticed Urug
 11318 | D:11     | Killed Urug
 11456 | D:11     | Found a transporter.
 11456 | D:11     | Found a transporter.
 11456 | D:11     | Noticed bigdumb's ghost (journeyman GnTm)
 11457 | D:11     | Found the +7 Spriggan's Knife {stab, EV+4 Stlth+}
 11539 | D:11     | Found a staircase to the Lair.
 11645 | D:11     | Received a gift from Okawaru
 11656 | D:11     | Reached skill level 7 in Maces & Flails
 11689 | D:11     | Reached skill level 10 in Shields
 12012 | Lair:1   | Entered Level 1 of the Lair of Beasts
 12022 | Lair:1   | Reached skill level 1 in Dodging
 12027 | Lair:1   | Reached ***** piety under Okawaru
 12055 | Lair:1   | Noticed a six-headed hydra
 12063 | Lair:1   | Killed a six-headed hydra
 12145 | Lair:1   | Reached skill level 8 in Maces & Flails
 12205 | Lair:1   | Received a gift from Okawaru
 12213 | Lair:1   | Reached XP level 12. HP: 76/76 MP: 15/15
 12230 | Lair:1   | Found a transporter.
 12231 | Lair:1   | Noticed Ekaitz's ghost (novice DEEE)
 12235 | Lair:1   | Found a transporter.
 12436 | Lair:1   | Noticed an eight-headed hydra
 12444 | Lair:1   | Killed an eight-headed hydra
 12791 | Lair:2   | Reached skill level 9 in Maces & Flails
 12803 | Lair:2   | Found a staircase to the Snake Pit.
 12889 | Lair:2   | Noticed a catoblepas
 12914 | Lair:2   | Killed a catoblepas
 13000 | Lair:2   | Received a gift from Okawaru
 13367 | Lair:2   | Got a pair of steaming boots
 13373 | Lair:2   | Identified the +1 pair of boots of Sophism {Str+4} (You
                  | found it on level 2 of the Lair of Beasts)
 13388 | Lair:2   | Found a staircase to the Shoals.
 13932 | Lair:3   | Reached skill level 10 in Maces & Flails
 14068 | Lair:3   | Reached skill level 10 in Fighting
 14154 | Lair:3   | Reached XP level 13. HP: 82/82 MP: 16/16
 14157 | Lair:3   | Noticed Rupert
 14184 | Lair:3   | Killed Rupert
 14484 | Lair:4   | Reached ****** piety under Okawaru
 14485 | Lair:4   | Reached skill level 11 in Maces & Flails
 14652 | Lair:4   | Received a gift from Okawaru
 15592 | Lair:5   | Received a gift from Okawaru
 15594 | Lair:5   | Identified a scroll of acquirement
 15594 | Lair:5   | Acquired a +4 eveningstar of flaming
 15709 | Lair:5   | You fall into a shaft and drop 1 floor!
 15709 | Lair:6   | Entered Level 6 of the Lair of Beasts
 15714 | Lair:6   | Reached skill level 12 in Maces & Flails
 15760 | Lair:6   | Gained mutation: Your large and strong wings let you fly
                  | indefinitely. [Gargoyle growth]
 15760 | Lair:6   | Reached XP level 14. HP: 50/88 MP: 17/17
 16122 | Lair:6   | Reached skill level 13 in Maces & Flails
 16303 | Lair:6   | Found a staircase to the Slime Pits.
 16304 | Lair:6   | Found a viscous altar of Jiyva.
 16355 | Lair:6   | Received a gift from Okawaru
 16356 | Lair:6   | Got a heavily runed helmet {god gift}
 16376 | Lair:6   | Reached skill level 10 in Armour
 16393 | Lair:6   | Identified the +2 helmet of the Barracuda {+Blink Slay+2}
                  | (Okawaru gifted it to you on level 6 of the Lair of Beasts)
 16586 | Lair:6   | Reached skill level 14 in Maces & Flails
 16701 | Lair:6   | Reached skill level 5 in Dodging
 16701 | Lair:6   | Reached XP level 15. HP: 88/96 MP: 18/18
 17544 | D:12     | Got a shimmering plate armour
 17555 | D:12     | Identified the +3 plate armour "Sesucoru" {rC+} (You found
                  | it on level 12 of the Dungeon)
 17555 | D:12     | Acquired the ring "Qeeq" {Will+ AC+4 Str+4 Int+4}
 18401 | D:12     | Found a staircase to the Orcish Mines.
 18791 | D:13     | Received a gift from Okawaru
 19052 | D:14     | Reached skill level 15 in Maces & Flails
 19241 | D:14     | Found a transporter.
 19245 | D:14     | Found a transporter.
 19246 | D:14     | Found a bloodstained altar of Trog.
 19246 | D:14     | Identified the +9 demon whip of the Skies Above {antimagic,
                  | *Contam +Fly rC+ Dex+4}
 19246 | D:14     | Noticed Zeld's ghost (journeyman DrGl)
 19369 | D:14     | Found a gate to the Vaults.
 19398 | D:14     | Received a gift from Okawaru
 19688 | D:14     | Noticed Snorg
 19694 | D:14     | Killed Snorg
 19701 | D:14     | Found a frozen archway.
 19719 | IceCv    | Entered an ice cave
 20548 | D:14     | Reached XP level 16. HP: 104/104 MP: 19/19
 20883 | D:15     | Entered Level 15 of the Dungeon
 21014 | D:15     | Noticed Kirke
 21040 | D:15     | Reached skill level 16 in Maces & Flails
 21085 | D:15     | Noticed Azrael
 21101 | D:15     | Killed Azrael
 21406 | D:14     | Killed Zeld's ghost
 21736 | D:15     | Noticed Louise
 21741 | D:15     | Killed Kirke
 21741 | D:15     | Received a gift from Okawaru
 21754 | D:15     | Killed Louise
 21998 | D:15     | Found a runed translucent gate.
 22000 | D:15     | Found a runed translucent gate.
 22000 | D:15     | Found an ancient bone altar of Kikubaaqudgha.
 22000 | D:15     | Noticed a lich
 22000 | D:15     | Noticed a lich
 22000 | D:15     | Noticed a lich
 22001 | D:15     | Found a runed translucent gate.
 22001 | D:15     | Noticed Bananafolds's ghost (adept NaVM)
 22001 | D:15     | Noticed a lich
 22196 | D:15     | Found a staircase to the Depths.
 22540 | D:15     | Noticed a Hell Sentinel
 22546 | D:15     | Killed Bananafolds's ghost
 22550 | D:15     | Killed a lich
 22555 | D:15     | Killed a lich
 22555 | D:15     | Received a gift from Okawaru
 22570 | D:15     | Killed from afar by a lich

Illustrated notes

Levels and vault maps discovered:
D:1:      dpeg_arrival_castle, layout_basic
D:2:      layout_basic, led_sif_pool
D:3:      layout_basic, chequers_ecumenical_altar_island,
          chequers_serial_rivers_small_b, fedhas_altar_4
D:4:      layout_basic, gammafunk_temple_overflow_elements
D:5:      layout_layer_cave, zin_scriptorium, uniq_menkaure
D:6:      cheibrodos_barr_body, layout_basic, minmay_temple_entry_mini_moons,
          grunt_decor_fettered, minmay_misc_feat_rugged, uniq_crazy_yiuf_cottage
D:7:      layout_gridville, kennysheep_little_box, serial_shops, shop,
          minivault_23, kennysheep_generic_room_3, uniq_duvessa
D:8:      layout_basic, uniq_maggie, uniq_grum
D:9:      layout_loops_corners, amethyst_overflow_temple_binary, enter_bailey_4,
          gammafunk_ghost_grave
D:10:     layout_small_grid, basic_altar, okawaru_humans
D:11:     layout_roguey [special_room_orc], lair_entry_dummy, basic_altar,
          gammafunk_ghost_hive, enter_trove_6, hangedman_pestilent_swarm,
          small_chamber_with_monster, chequers_serial_rivers_small_b, uniq_urug
D:12:     layout_basic, orc_0_dummy, gauntlet_entry_generic
D:13:     layout_big_octagon
D:14:     layout_basic, lightli_vaults_fourway_checkpoint,
          portal_ice_cave_entry_pillars_1, gammafunk_ghost_wrathful_warriors,
          wad_mini_maze, uniq_snorg
D:15:     hangedman_depths_entry_civil_slaughter, layout_rooms,
          gammafunk_ghost_crypt, serial_rivers, chequers_serial_rivers_room_a,
          chequers_serial_rivers_small_a, chequers_serial_rivers_small_a,
          chequers_serial_rivers_micro_b, minmay_splitting_lines,
          glass_columns_a, uniq_louise, uniq_azrael, uniq_kirke
Lair:1:   layout_cave_shapes, gammafunk_ghost_arena
Lair:2:   layout_chaotic_city, minmay_shoals_entry_lonely_mermaid,
          minmay_snake_entry_six_corridors, wad_woods_03, serial_bayou_shore_b,
          lemuel_fruit_tree
Lair:3:   layout_hall_layers, grunt_megastairs_2, uniq_rupert
Lair:4:   layout_concentric_octagons, lookout_lair_type,
          chequers_serial_rivers_small_b, grunt_megastairs_4,
          serial_bayou_shore_b, serial_bayou_shore_a
Lair:5:   layout_misc_corridors, minivault_19
Lair:6:   evilmike_catoblepas_cave, layout_cave_pods, slime_altar_1

Skill      XL: |  1  2  3  4  5  6  7  8  9 10 11 12 13 14 15 16 |
---------------+-------------------------------------------------+-----
Maces & Flails | 3 4 5 6 8 10 12 14 15 16 | 16.7
Shields        | 4 5 6 7 9 10 12 13 14 | 14.0
Fighting       | 4 5 7 8 9 10 11 13 14 | 14.2
Armour         | 4 5 6 7 8 10 11 12 | 12.7
Axes           | 1 6 7 |  7.9
Invocations    | 4 |  4.2
Dodging        | 2 3 4 5 |  5.4

Action                   |  1- 3 |  4- 6 |  7- 9 | 10-12 | 13-15 | 16-18 || total
-------------------------+-------+-------+-------+-------+-------+-------++-------
Melee: Flail             |    84 |       |       |   471 |   251 |       ||   806
       Hand axe          |    40 |   380 |   686 |       |       |       ||  1106
       War axe           |       |       |    17 |   317 |       |       ||   334
       Eveningstar       |       |       |       |       |   789 |   320 ||  1109
Throw: Boomerang         |       |       |       |    16 |    15 |       ||    31
Evoke: Wand              |       |       |       |     3 |       |       ||     3
  Use: Scroll            |       |     6 |    11 |     8 |     9 |     7 ||    41
       Potion            |       |       |       |       |     2 |       ||     2
 Stab: Petrified         |       |       |       |       |     2 |       ||     2
Armor: Scale mail        |    69 |   169 |   281 |       |       |       ||   519
       Acid dragon scale |       |       |     5 |   180 |     6 |       ||   191
       Chain mail        |       |       |       |       |   211 |   145 ||   356
       Plate armour      |       |       |       |       |    89 |     8 ||    97
Dodge: Dodged            |    48 |   161 |   289 |   303 |   310 |    96 ||  1207
Block: Kite shield       |    64 |   182 |   464 |   573 |   900 |   275 ||  2458
       Reflection        |       |       |       |     2 |    39 |    22 ||    63
